 Dungeon Crawl Stone Soup version 0.29-a0-103-g37f86683bf (webtiles) character file.

Game seed: 1595188153215763397

2801 kae the Ruffian (level 9, -5/79 (86) HPs)
             Began as a Red Draconian Transmuter on Feb 15, 2022.
             Was an Initiate of Ru.
             Slain by a wight (12 damage)
             ... on level 7 of the Dungeon.
             The game lasted 00:06:43 (9437 turns).

kae the Ruffian (Red Draconian Transmuter)          Turns: 9437, Time: 00:06:44

HP:   -5/79 (86)    AC:  8    Str: 24    XL:     9   Next: 44%
MP:   12/15         EV: 10    Int: 22    God:    Ru [......]
Gold: 358           SH:  0    Dex:  9    Spells: 9/17 levels left

rFire   x . .      SeeInvis .     - Unarmed
rCold   + + +      Faith    .   (shield currently unavailable)
rNeg    . . .      Spirit   .   (armour unavailable)
rPois   +          Reflect  .   (helmet currently unavailable)
rElec   .          Harm     .   (cloak currently unavailable)
rCorr   .          Rampage  .   (gloves currently unavailable)
Will    ++...                   (boots currently unavailable)
Stlth   ..........              (no amulet)
HPRegen 0.23/turn               f - ring of willpower
MPRegen 0.14/turn               q - ring of Xacafi {Will+ Str+9 Int+6 Dex-2}

@: ice-form, drained
A: freezing attack, amphibious, boosted hp, (breathe fire), AC +7, large,
unfitting armour, (fire resistance 1), (cold-blooded), no stealth
a: End Transformation, Renounce Religion


You were on level 7 of the Dungeon.
You worshipped Ru.
Ru was noncommittal.
You were a creature of crystalline ice.
You visited 2 branches of the dungeon, and saw 8 of its levels.

You collected 358 gold pieces.

Inventory:

Jewellery
 f - a ring of willpower (left front paw)
 q - the ring of Xacafi (right front paw) {Will+ Str+9 Int+6 Dex-2}
   (You acquired it on level 5 of the Dungeon)

   [ring of intelligence]

   Str:       It affects your strength (+9).
   Int:       It affects your intelligence (+6).
   Dex:       It affects your dexterity (-2).
   Will:      It increases your willpower.
 t - an amulet of magic regeneration
 v - a ring of magical power
 w - a ring of protection from fire
Wands
 n - a wand of flame (8)
 o - a wand of iceblast (16)
 p - a wand of mindburst (19)
 s - a wand of acid (7)
Scrolls
 d - 2 scrolls of teleportation
 e - a scroll of fear
 i - a scroll of fog
 m - a scroll of enchant armour
Potions
 a - 2 potions of invisibility
 b - a potion of cancellation
 c - a potion of ambrosia
 g - 4 potions of curing
 h - 3 potions of flight
 j - 2 potions of resistance {unknown}
 k - 2 potions of degeneration {unknown}
 l - 3 potions of brilliance {unknown}
 r - a potion of mutation {unknown}
 u - a potion of attraction {unknown}


   Skills:
 + Level 4.7 Fighting
 + Level 4.3 Dodging
 * Level 6.9 Unarmed Combat
 + Level 4.5 Spellcasting
 * Level 6.5 Transmutations
 * Level 4.4 Ice Magic
 - Level 1.0 Poison Magic


You had 9 spell levels left.
You knew the following spells:

 Your Spells              Type           Power      Damage    Failure   Level
a - Beastly Appendage     Tmut           66%        N/A       1%          1
b - Spider Form           Tmut/Pois      21%        N/A       7%          3
c - Ice Form              Ice/Tmut       29%        N/A       11%         4

Your spell library contained the following spells:

 Spells                   Type           Power      Damage    Failure   Level
 Wereblood                Tmut           33%        N/A       1%          2
 Sting                    Tmut/Pois      84%        1d7       2%          1
 Animate Skeleton         Necr           8%         N/A       11%         1
 Apportation              Tloc           8%         N/A       11%         1
 Magic Dart               Conj           16%        1d3       11%         1
 Summon Small Mammal      Summ           16%        N/A       11%         1
 Call Imp                 Summ           4%         N/A       16%         2
 Mephitic Cloud           Conj/Pois/Air  6%         N/A       28%         3
 Stone Arrow              Conj/Erth      8%         3d7       32%         3
 Yara's Violent Unravell  Hex/Tmut       9%         3d6       61%         5
 Leda's Liquefaction      Hex/Erth       2%         N/A       71%         4
 Iron Shot                Conj/Erth      2%         9d2       100%        6
 Storm Form               Tmut/Air       9%         N/A       100%        7


Dungeon Overview and Level Annotations

Branches:
Dungeon (7/15)             Temple (1/1) D:5

Altars:
Ashenzari
Cheibriados
Dithmenos
Elyvilon
Gozag
Hepliaklqana
Kikubaaqudgha
Makhleb
Nemelex Xobeh
Okawaru
Qazlal
Ru
Sif Muna
Trog
Uskayaw
Vehumet
Wu Jian
Xom
Yredelemnul
Zin
The Shining One

Shops:
D:3 :(


Innate Abilities, Weirdness & Mutations

You are a creature of crystalline ice.
You have a powerful freezing melee attack.
You are amphibious.
Your maximum health is increased.
Your armour is entirely melded.
You are incapable of wielding weapons or throwing items.
((You can breathe blasts of fire.))
((Your fiery red scales are hard. (AC +7)))
You cannot fit into any form of body armour.
((Your flesh is heat resistant. (rF+)))
((You are cold-blooded and may be slowed by cold attacks.))
You cannot be stealthy.


Message History

There are monsters nearby!
Casting: Ice Form (dangerous; 11% risk of failure)
Confirm with . or Enter, or press ? or * to list all spells.
You turn into a creature of crystalline ice.
You barely miss the wight.
The wight hits you from afar with a +6 trident.
You feel drained. The wight hits you with a +3 dagger.
You punch the wight! You freeze the wight.
You destroy the wight!
The wight hits you from afar with a +6 trident.
There are monsters nearby!
You barely miss the wight. The wight hits you with a +3 dagger!
You feel drained. The wight hits you with a +3 battleaxe!
You are too injured to fight recklessly!
You are too injured to fight recklessly!
You are too injured to fight recklessly!
You are too injured to fight recklessly!
You are too injured to fight recklessly!
You punch the wight!
The wight is heavily damaged.
The wight hits you from afar with a +6 trident!
The wight completely misses you.
You hit the wight but do no damage.
The wight is moderately damaged.
The wight barely misses you.
The wight hits you from afar with a +6 trident!
You feel drained. The wight hits you with a +3 dagger.
You punch the wight!
The wight is almost destroyed.
The wight hits you from afar with a +6 trident!
* * * LOW HITPOINT WARNING * * *
You feel drained.
* * * LOW HITPOINT WARNING * * *
The wight hits you with a +3 dagger.
* * * LOW HITPOINT WARNING * * *
You barely miss the wight.
The wight is almost destroyed.
The wight closely misses you.
The wight hits you from afar with a +6 trident!
You die...

.... ############ ..##
#........... . #...........
####'###### #.........# #.....
#.........# +..... #.........+
#.....
##########.....zYz.####+#.....###
..........##+###z#.............#.
..............#z.#.............#.
........#.....#..#.............#.
........##..###..#.............#'
'#########..########'#########...
........#....#........#......#...
........#....'........#......'...
##########.######.###.##'##..#...


You could see 4 wights.

Vanquished Creatures
  Sigmund (D:2)
  3 yaks (D:5)
  A steam dragon (D:7)
  2 black bears (D:6)
  An ogre (D:5)
  3 sky beasts
  A centaur (D:6)
  3 phantoms
  2 bullfrogs (D:6)
  2 gnoll sergeants
  4 scorpions
  A wyvern skeleton (D:7)
  A water moccasin skeleton (D:6)
  A wight (D:7)
  A howler monkey (D:5)
  A centaur skeleton (D:4)
  3 hounds
  A bullfrog skeleton (D:5)
  A scorpion zombie (D:5)
  3 iguanas
  4 orc wizards
  A howler monkey zombie (D:5)
  7 gnolls
  5 adders
  A white imp (D:5)
  An adder skeleton (D:4)
  A worm (D:4)
  A dart slug (D:2)
  17 orcs
  5 ball pythons
  3 bats
  9 endoplasms
  4 giant cockroaches
  3 goblins
  7 hobgoblins
  2 kobolds
  10 quokkas
  2 frilled lizards (D:3)
  7 rats
126 creatures vanquished.

Notes
Turn   | Place    | Note
-------+----------+-------------------------------------------
     0 | D:1      | kae the Draconian Transmuter began the quest for the Orb.
     0 | D:1      | Reached XP level 1. HP: 16/16 MP: 3/3
   253 | D:1      | Reached XP level 2. HP: 23/23 MP: 5/5
   961 | D:2      | Reached XP level 3. HP: 18/28 MP: 4/6
  1222 | D:2      | Noticed Sigmund
  1240 | D:2      | Killed Sigmund
  1241 | D:2      | Reached XP level 4. HP: 20/37 MP: 6/8
  1241 | D:2      | Reached XP level 5. HP: 23/42 MP: 6/9
  1437 | D:2      | Learned a level 3 spell: Spider Form
  1442 | D:2      | Learned a level 4 spell: Ice Form
  1975 | D:3      | Found Isoat's Weapon Emporium.
  1996 | D:3      | Reached XP level 6. HP: 45/50 MP: 6/10
  2003 | D:3      | Reached skill level 1 in Ice Magic
  2003 | D:3      | Reached skill level 1 in Poison Magic
  2074 | D:3      | Found Jeys's Book Shoppe.
  2439 | D:3      | Found a faded altar of an unknown god.
  3708 | D:4      | Your scales start taking on a fiery red colour.
  3708 | D:4      | Reached XP level 7. HP: 55/56 MP: 9/11
  3708 | D:4      | Gained mutation: Your flesh is heat resistant. (rF+) [Red
                  | Draconian growth]
  4510 | D:5      | Entered Level 5 of the Dungeon
  4929 | D:4      | Reached skill level 5 in Unarmed Combat
  5850 | D:5      | Noticed a yak
  5850 | D:5      | Noticed a yak
  5852 | D:5      | Noticed a yak
  5883 | D:5      | Killed a yak
  5884 | D:5      | Reached XP level 8. HP: 18/63 MP: 13/13
  6194 | D:5      | Found a staircase to the Ecumenical Temple.
  6214 | D:5      | Reached skill level 5 in Transmutations
  6226 | Temple   | Entered the Ecumenical Temple
  6595 | Temple   | Became a worshipper of Ru the Awakened
  6618 | D:5      | Identified 2 scrolls of acquirement
  6618 | D:5      | Acquired the ring of Xacafi {Will+ Str+9 Int+6 Dex-2}
  6620 | D:5      | Acquired kae's Almanac of Transmutation and Earth
  8257 | D:6      | Reached XP level 9. HP: 58/71 MP: 11/15
  8805 | D:6      | Gained mutation: You cannot be stealthy. [Ru sacrifice]
  9437 | D:7      | Slain by a wight

Illustrated notes

Levels and vault maps discovered:
D:1:      matt_arrival_los_fun, layout_loops_ring
D:2:      layout_rooms, uniq_sigmund
D:3:      minmay_inner_zag, layout_basic, serial_shops, nicolae_shop_trees,
          nicolae_square_shop, shapermc_ecumenical_altar_flowoftime,
          small_statue_intersection, hangedman_decor_push
D:4:      layout_basic, minivault_5
D:5:      layout_basic, minmay_temple_entry_statues_fountains,
          hangedman_abyss_or_decor_stagger, dk_noncrumbling_3,
          hangedman_decor_lopped
D:6:      layout_basic, corexii_mini_fake_secret_closet
D:7:      layout_gridville
Temple:   mainiacjoe_temple_circle_huts

Skill      XL: |  1  2  3  4  5  6  7  8  9 |
---------------+----------------------------+-----
Fighting       | 2 3 4 |  4.7
Dodging        | 2 3 4 |  4.3
Unarmed Combat | 4 5 6 |  6.9
Transmutations | 3 4 5 6 |  6.5
Ice Magic      | 1 2 3 4 |  4.4
Poison Magic   | 1 |  1.0
Spellcasting   | 3 4 |  4.5

Action                   |  1- 3 |  4- 6 |  7- 9 || total
-------------------------+-------+-------+-------++-------
Melee: Unarmed           |    82 |   103 |   218 ||   403
       Tailslap          |     7 |     9 |     7 ||    23
       Kick              |    13 |    12 |       ||    25
       Headbutt          |     2 |     8 |       ||    10
       Punch             |     2 |     3 |     3 ||     8
 Cast: Beastly Appendage |    14 |    17 |       ||    31
       Spider Form       |       |     4 |    23 ||    27
       Ice Form          |       |     1 |    11 ||    12
Invok: Sacrifice Stealth |       |       |     1 ||     1
 Abil: Breathe Fire      |       |       |     6 ||     6
  Use: Scroll            |     4 |     4 |    10 ||    18
       Potion            |     1 |       |       ||     1
 Stab: Sleeping          |     1 |       |       ||     1
Armor: Skin              |    16 |    22 |    37 ||    75
Dodge: Dodged            |    50 |    73 |   167 ||   290

Table legend: (Time is in decaauts)
 A = Elapsed time spent in this place.
 B = Non-inter-level travel time spent in this place.
 C = Inter-level travel time spent in this place.
 D = Time resting spent in this place.
 E = Time spent auto-exploring this place.
 F = Levels seen in this place.
 G = Mean time per level.
                   A        B        C        D        E       F      G
               +--------+--------+--------+--------+--------+-----+--------+
         Total |   9410 |   9114 |    296 |   1751 |   6181 |   8 | 1176.2 |
       Dungeon |   9019 |   8785 |    234 |   1751 |   5876 |   7 | 1288.4 |
        Temple |    390 |    328 |     62 |      0 |    305 |   1 |  390.0 |
               +--------+--------+--------+--------+--------+-----+--------+

Top non-repeatable levels by time:
     D:4: 2545 daAuts
     D:3: 1576 daAuts
     D:5: 1536 daAuts
     D:6: 1182 daAuts
     D:1: 885 daAuts
     D:2: 729 daAuts
     D:7: 563 daAuts
  Temple: 390 daAuts
